 Dungeon Crawl Stone Soup version 0.27.1-37-g7b29ead8ac (webtiles) character file.

Game seed: 10686960813604053741

23 AarnesTheHuman the Shield-Bearer (level 3, -1/29 HPs)
             Began as a Formicid Fighter on June 8, 2023.
             Slain by an adder (2 damage)
             ... on level 1 of the Dungeon.
             The game lasted 00:00:50 (850 turns).

AarnesTheHuman the Shield-Bearer (Formicid Fighter)  Turns: 850, Time: 00:00:50

Health: -1/29      AC:  6    Str: 21    XL:     3   Next: 12%
Magic:  3/3        EV:  8    Int:  7    God:
Gold:   16         SH:  9    Dex: 10    Spells: 2/2 levels left

rFire    . . .     SeeInvis +   a - +0 trident
rCold    . . .     Faith    .   c - +0 kite shield
rNeg     . . .     Spirit   .   b - +0 scale mail
rPois    .         Reflect  .   (helmet unavailable)
rElec    .         Harm     .   (no cloak)
rCorr    .         Rampage  .   (no gloves)
Will     .....                  (no boots)
Stlth    ..........             (no amulet)
HPRegen  0.09/turn              (no ring)
MPRegen  0.08/turn              (no ring)

@: lethally poisoned (-1 -> -3)
A: permanent stasis, dig shafts and tunnels, antennae 3, four strong arms
a: Dig, Shaft Self


You were on level 1 of the Dungeon.
You visited 1 branch of the dungeon, and saw 2 of its levels.

You collected 16 gold pieces.

Inventory:

Hand Weapons
 a - a +0 trident (weapon)
 e - a +0 short sword of venom
Armour
 b - a +0 scale mail (worn)
 c - a +0 kite shield (worn)
Potions
 d - a potion of might


   Skills:
 + Level 3.6 Fighting
 + Level 2.3 Polearms
 + Level 3.6 Armour
 + Level 4.0 Shields


You had 2 spell levels left.
You didn't know any spells.
Your spell library was empty.

Dungeon Overview and Level Annotations

Branches:
Dungeon (2/15)

Altars:

Shops:
D:1 !


Innate Abilities, Weirdness & Mutations

You cannot be hasted, slowed, berserked, paralysed or teleported.
You can dig through walls and to a lower floor.
You have a pair of large antennae on your head. (SInv)
Your four strong arms can wield two-handed weapons with a shield.


Message History

You are poisoned.
The adder poisons you! The adder bites you but does no damage.
You block the quokka's attack. You block the adder's attack. x2
You block the quokka's attack.
You feel sick. The bat hits you but does no damage.
You block the adder's attack.
You feel sick. You block the bat's attack. The adder bites you.
You are lethally poisoned!
The adder poisons you!
There is a stone staircase leading up here.
* * * LOW HITPOINT WARNING * * *
You feel sick. The adder completely misses you. You block the quokka's attack.
The adder barely misses you. The bat closely misses you.
You block the adder's attack.
You climb upwards.
* * * LOW HITPOINT WARNING * * *
You feel sick.
There is a stone staircase leading down here.
Okay, then.
You aren't carrying any scrolls.
You aren't carrying any scrolls.
Reach: a) +0 trident
Press: ? - help, Dir - move target, f - adder
Aim: an adder (almost dead, about 65% to evade your +0 trident)
Okay, then.
Okay, then.
Okay, then.
Unknown command.
* * * LOW HITPOINT WARNING * * *
You feel sick. The quokka bites you.
* * * LOW HITPOINT WARNING * * *
The adder completely misses you. The adder bites you but does no damage.
The quokka bites you but does no damage.
* * * LOW HITPOINT WARNING * * *
You feel sick.
You block the adder's attack. x2; The quokka barely misses you.
* * * LOW HITPOINT WARNING * * *
You feel sick. The adder closely misses you. You block the adder's attack.
The quokka bites you but does no damage.
You block the adder's attack. The adder bites you.
You die...

#.# ### ##.######### ##.##
##....).....##
##.#.#####.#..........#
#.###.........######..#
##.#.###.##....#####..#
##.###.###.......##..## #.#
##.#..Sr.........# #.#
##.#..@#######..# #.#
##.#S.#######..# #.#
##............# #.#
##.#########.# #.# ##'## #.#
#.# ##...## ##.## ##.#
##.....## #...#### ##..#
##.......## #......#
##...####.........####†..##.###


You could see 2 adders and a quokka.

Vanquished Creatures
  3 ball pythons (D:1)
  4 bats (D:1)
  An endoplasm (D:1)
  2 giant cockroaches (D:1)
  4 hobgoblins (D:1)
  4 kobolds
  A rat (D:1)
19 creatures vanquished.

Notes
Turn   | Place    | Note
-------+----------+-------------------------------------------
     0 | D:1      | AarnesTheHuman the Formicid Fighter began the quest for the
                  | Orb.
     0 | D:1      | Reached XP level 1. HP: 18/18 MP: 1/1
   233 | D:1      | Reached XP level 2. HP: 23/24 MP: 2/2
   435 | D:1      | Found Reutias's Distillery.
   589 | D:1      | Reached XP level 3. HP: 28/29 MP: 3/3
   685 | D:1      | Reached skill level 4 in Shields
   850 | D:1      | HP: 1/29 [poisoned by an adder]
   850 | D:1      | Slain by an adder

Illustrated notes

Levels and vault maps discovered:
D:1:      scummos_arrival_checkerplants, layout_loops_corners, serial_shops,
          shop
D:2:      layout_rooms, minmay_misc_feat_secret_circle

Skill      XL: |  1  2  3 |
---------------+----------+-----
Shields        | 4 |  4.0
Fighting       | |  3.6
Polearms       | |  2.3
Armour         | |  3.6

Action                   || total
-------------------------++-------
Melee: Trident           ||    60
Armor: Scale mail        ||    33
Dodge: Dodged            ||    22
Block: Kite shield       ||    31
